PL
RICHARDSON CITY THUNDERCATS @ PANAMA CITY PIRANHAS
06/23/2029
 
TOP OF THE 1ST
Richardson City Thundercats batting - Pitching for Panama City Piranhas : RHP John Dempsey
Pitching: RHP John Dempsey
Batting: LHB Eduardo Álvarez 0-0: Fly out, F4 (Line Drive, 4)
Batting: RHB Tomás Martínez 0-0: Swinging Strike
0-1: Fly out, F8 (Flyball, 8LD)
Batting: LHB Carroll Martin 0-0: Foul Ball, location: 2F
0-1: Ground out 4-3 (Groundball, 4)
Top of the 1st over - 0 runs, 0 hits, 0 errors, 0 left on base; Richardson City 0 - Panama City 0
BOTTOM OF THE 1ST
Panama City Piranhas batting - Pitching for Richardson City Thundercats : LHP Armando Gonzáles
Pitching: LHP Armando Gonzáles
Batting: RHB Baldomero Avino 0-0: Ground out 6-3 (Groundball, 6)
Batting: LHB Sergio Muńóz 0-0: Ball
1-0: Called Strike
1-1: Foul Ball, location: 2F
1-2: SINGLE (Groundball, 34D)
Batting: RHB Juan Jose Ayala 0-0: Fly out, F4 (Line Drive, 4)
Batting: RHB Andy Putman 0-0: Fly out, F7 (Flyball, 78S)
Bottom of the 1st over - 0 runs, 1 hit, 0 errors, 1 left on base; Richardson City 0 - Panama City 0
TOP OF THE 2ND
Richardson City Thundercats batting - Pitching for Panama City Piranhas : RHP John Dempsey
Batting: RHB Anselmo Berneu 0-0: Foul Ball, location: 2F
0-1: Swinging Strike
0-2: Foul Ball, location: 2F
0-2: Fly out, F9 (Flyball, 9)
Batting: LHB Fernando Ramírez 0-0: Foul Ball, location: 2F
0-1: Swinging Strike
0-2: Foul Ball, location: 2F
0-2: Ball
1-2: Foul Ball, location: 2F
1-2: Ball
2-2: Strikes out swinging
Batting: RHB Pedro Castillo 0-0: Swinging Strike
0-1: Foul Ball, location: 2F
0-2: Strikes out looking
Top of the 2nd over - 0 runs, 0 hits, 0 errors, 0 left on base; Richardson City 0 - Panama City 0
BOTTOM OF THE 2ND
Panama City Piranhas batting - Pitching for Richardson City Thundercats : LHP Armando Gonzáles
Batting: RHB Armando Alvarado 0-0: Called Strike
0-1: Called Strike
0-2: Ball
1-2: Ground out 5-3 (Groundball, 56S)
Batting: RHB Rob Gray 0-0: Called Strike
0-1: Ball
1-1: Ball
2-1: Ball
3-1: Swinging Strike
3-2: Strikes out swinging
Batting: RHB Fernando Silva 0-0: Called Strike
0-1: Ball
1-1: Ground out 4-3 (Groundball, 4)
Bottom of the 2nd over - 0 runs, 0 hits, 0 errors, 0 left on base; Richardson City 0 - Panama City 0
TOP OF THE 3RD
Richardson City Thundercats batting - Pitching for Panama City Piranhas : RHP John Dempsey
Batting: RHB Louis Gibbons 0-0: Called Strike
0-1: Foul Ball, location: 2F
0-2: Ball
1-2: Strikes out swinging
Batting: RHB Bruce Ingilby 0-0: Ball
1-0: Ball
2-0: Foul Ball, location: 2F
2-1: Swinging Strike
2-2: Ball
3-2: Foul Ball, location: 2F
3-2: Strikes out swinging
Batting: SHB Mitch Qualtrough 0-0: Called Strike
0-1: SINGLE (Flyball, 7S)
Batting: LHB Eduardo Álvarez 0-0: Ball
1-0: Ball
2-0: Ball
3-0: Called Strike
3-1: Base on Balls
Mitch Qualtrough to second
Batting: RHB Tomás Martínez 0-0: Ball
1-0: Ground out 5-3 (Groundball, 56S)
Top of the 3rd over - 0 runs, 1 hit, 0 errors, 2 left on base; Richardson City 0 - Panama City 0
BOTTOM OF THE 3RD
Panama City Piranhas batting - Pitching for Richardson City Thundercats : LHP Armando Gonzáles
Batting: LHB Jack Sutherland 0-0: Foul Ball, location: 2F
0-1: Ball
1-1: Fly out, F7 (Line Drive, 78D)
Batting: LHB Robert Adams 0-0: Ball
1-0: Ball
2-0: Foul Ball, location: 2F
2-1: Hit by Pitch
Batting: RHB Baldomero Avino 0-0: Called Strike
0-1: Swinging Strike
0-2: Foul Ball, location: 2F
0-2: Ball
1-2: Fly out, F5 (Popup, 56S)
Batting: LHB Sergio Muńóz 0-0: Foul Ball, location: 2F
0-1: Ground out 6-3 (Groundball, 6)
Bottom of the 3rd over - 0 runs, 0 hits, 0 errors, 1 left on base; Richardson City 0 - Panama City 0
TOP OF THE 4TH
Richardson City Thundercats batting - Pitching for Panama City Piranhas : RHP John Dempsey
Batting: LHB Carroll Martin 0-0: Called Strike
0-1: Ball
1-1: Called Strike
1-2: Strikes out swinging
Batting: RHB Anselmo Berneu 0-0: Called Strike
0-1: Ball
1-1: Ball
2-1: Foul Ball, location: 2F
2-2: SINGLE (Groundball, 6MD)
Batting: LHB Fernando Ramírez 0-0: Ball
1-0: Ball
2-0: Called Strike
2-1: Grounds into double play, 4-6-3 (Groundball, 34)
Top of the 4th over - 0 runs, 1 hit, 0 errors, 0 left on base; Richardson City 0 - Panama City 0
BOTTOM OF THE 4TH
Panama City Piranhas batting - Pitching for Richardson City Thundercats : LHP Armando Gonzáles
Batting: RHB Juan Jose Ayala 0-0: Foul Ball, location: 2F
0-1: Swinging Strike
0-2: Foul Ball, location: 2F
0-2: Fly out, F4 (Popup, 34)
Batting: RHB Andy Putman 0-0: Ball
1-0: Ground out 4-3 (Groundball, 34D)
Batting: RHB Armando Alvarado 0-0: SOLO HOME RUN (Line Drive, 7D), Distance : 366 ft
Batting: RHB Rob Gray 0-0: Ground out 5-3 (Groundball, 56)
Bottom of the 4th over - 1 run, 1 hit, 0 errors, 0 left on base; Richardson City 0 - Panama City 1
TOP OF THE 5TH
Richardson City Thundercats batting - Pitching for Panama City Piranhas : RHP John Dempsey
Batting: RHB Pedro Castillo 0-0: Ball
1-0: SINGLE (Groundball, 34D)
Batting: RHB Louis Gibbons 0-0: SINGLE (Flyball, 78M)
Pedro Castillo to second
Batting: RHB Bruce Ingilby 0-0: Ball
1-0: Bunted foul
1-1: Ball
2-1: Ball
3-1: Bunted foul
3-2: Base on Balls
Pedro Castillo to third
Louis Gibbons to second
Batting: SHB Mitch Qualtrough 0-0: DOUBLE (Line Drive, 78D)
Pedro Castillo scores
Louis Gibbons scores
Bruce Ingilby to third
Runner from 3rd tries for Home, SAFE, no throw
Batting: LHB Eduardo Álvarez 0-0: Called Strike
0-1: SINGLE (Line Drive, 89S)
Mitch Qualtrough to third
Runner from 3rd tries for Home, SAFE, throw made home
Batting: RHB Tomás Martínez 0-0: Ball
1-0: Called Strike
1-1: Grounds into double play, 6-4-3 (Groundball, 6)
Batting: LHB Carroll Martin 0-0: Fly out, F8 (Flyball, 8LD)
Top of the 5th over - 4 runs, 4 hits, 0 errors, 0 left on base; Richardson City 4 - Panama City 1
BOTTOM OF THE 5TH
Panama City Piranhas batting - Pitching for Richardson City Thundercats : LHP Armando Gonzáles
Batting: RHB Fernando Silva 0-0: Ball
1-0: Foul Ball, location: 2F
1-1: Ball
2-1: Foul Ball, location: 2F
2-2: Ball
3-2: Base on Balls
Batting: LHB Jack Sutherland 0-0: Called Strike
0-1: Ball
1-1: Called Strike
1-2: Fielders Choice at 2nd, 4-6 (Groundball, 4)
Batting: LHB Robert Adams 0-0: Fielders Choice at 2nd, 3-6 (Groundball, 3)
Batting: RHB Baldomero Avino 0-0: Ball
1-0: Ground out 5-3 (Groundball, 56S)
Bottom of the 5th over - 0 runs, 0 hits, 0 errors, 1 left on base; Richardson City 4 - Panama City 1
TOP OF THE 6TH
Richardson City Thundercats batting - Pitching for Panama City Piranhas : RHP John Dempsey
Batting: RHB Anselmo Berneu 0-0: Reached via error on a dropped throw, E1
Batting: LHB Fernando Ramírez 0-0: Ball
1-0: SINGLE (Line Drive, 6MD)
Anselmo Berneu to second
Batting: RHB Pedro Castillo 0-0: Ball
1-0: Foul Ball, location: 2F
1-1: Called Strike
1-2: Strikes out looking
Batting: RHB Louis Gibbons 0-0: Ball
1-0: Foul Ball, location: 2F
1-1: Ball
2-1: Ball
3-1: Called Strike
3-2: Foul Ball, location: 2F
3-2: DOUBLE (Line Drive, 8RD)
Anselmo Berneu scores
Fernando Ramírez to third
Batting: RHB Bruce Ingilby 0-0: Called Strike
0-1: DOUBLE (Line Drive, 7LS)
Fernando Ramírez scores
Louis Gibbons scores
Batting: SHB Mitch Qualtrough 0-0: Called Strike
0-1: Foul Ball, location: 2F
0-2: Ball
1-2: Foul Ball, location: 2F
1-2: Ground out 5-3 (Groundball, 25)
Bruce Ingilby to third
Batting: LHB Eduardo Álvarez 0-0: Called Strike
0-1: Ball
1-1: Ball
2-1: Called Strike
2-2: Foul Ball, location: 2F
2-2: Foul Ball, location: 2F
2-2: Fly out, F5 (Popup, 25F)
Top of the 6th over - 3 runs, 3 hits, 1 error, 1 left on base; Richardson City 7 - Panama City 1
BOTTOM OF THE 6TH
Panama City Piranhas batting - Pitching for Richardson City Thundercats : LHP Armando Gonzáles
Batting: LHB Sergio Muńóz 0-0: Ball
1-0: Ball
2-0: Ball
3-0: Called Strike
3-1: Called Strike
3-2: Foul Ball, location: 2F
3-2: Strikes out looking
Batting: RHB Juan Jose Ayala 0-0: Ball
1-0: Ball
2-0: SINGLE (Flyball, 89S)
Batting: RHB Andy Putman 0-0: Grounds into double play, 4-6-3 (Groundball, 4)
Bottom of the 6th over - 0 runs, 1 hit, 0 errors, 0 left on base; Richardson City 7 - Panama City 1
TOP OF THE 7TH
Richardson City Thundercats batting - Pitching for Panama City Piranhas : RHP John Dempsey
Pitching: RHP Anderson O'Mara
Batting: RHB Tomás Martínez 0-0: Called Strike
0-1: Foul Ball, location: 2F
0-2: Ball
1-2: Fly out, F9 (Flyball, 89M)
Batting: LHB Carroll Martin 0-0: Ball
1-0: Swinging Strike
1-1: Ground out 4-3 (Groundball, 4)
Batting: RHB Anselmo Berneu 0-0: SINGLE (Groundball, 3D)
Batting: LHB Fernando Ramírez 0-0: Ball
1-0: Fly out, F8 (Flyball, 89M)
Top of the 7th over - 0 runs, 1 hit, 0 errors, 1 left on base; Richardson City 7 - Panama City 1
BOTTOM OF THE 7TH
Panama City Piranhas batting - Pitching for Richardson City Thundercats : LHP Armando Gonzáles
Batting: RHB Armando Alvarado 0-0: Ball
1-0: Called Strike
1-1: SINGLE (Line Drive, 8LS)
Batting: RHB Rob Gray 0-0: Ball
1-0: Ball
2-0: Ball
3-0: Base on Balls
Armando Alvarado to second
Batting: RHB Fernando Silva 0-0: Ball
1-0: Swinging Strike
1-1: Called Strike
1-2: Foul Ball, location: 2F
1-2: Foul Ball, location: 2F
1-2: Foul Ball, location: 2F
1-2: Ball
2-2: Ball
3-2: Lines into TRIPLE play, 4-6-3 (Line Drive, 6M)
Bottom of the 7th over - 0 runs, 1 hit, 0 errors, 0 left on base; Richardson City 7 - Panama City 1
TOP OF THE 8TH
Richardson City Thundercats batting - Pitching for Panama City Piranhas : RHP Anderson O'Mara
Batting: RHB Pedro Castillo 0-0: Ball
1-0: Swinging Strike
1-1: Ball
2-1: Ball
3-1: SINGLE (Groundball, 34D)
Batting: RHB Louis Gibbons 0-0: Ball
1-0: Fly out, F3 (Popup, 23F)
Batting: RHB Bruce Ingilby 0-0: Ball
Pedro Castillo steals 2nd base
1-0: Ball
2-0: Foul Ball, location: 2F
2-1: Foul Ball, location: 2F
2-2: Ball
3-2: Strikes out looking
Batting: SHB Mitch Qualtrough 0-0: Ball
1-0: Swinging Strike
1-1: Single, Error in OF, E8, batter to second base
Pedro Castillo scores
Batting: LHB Eduardo Álvarez 0-0: Ball
1-0: Fly out, F3 (Popup, 3SF)
Top of the 8th over - 1 run, 2 hits, 1 error, 1 left on base; Richardson City 8 - Panama City 1
BOTTOM OF THE 8TH
Panama City Piranhas batting - Pitching for Richardson City Thundercats : LHP Armando Gonzáles
Batting: LHB Jack Sutherland 0-0: Called Strike
0-1: Ball
1-1: Called Strike
1-2: Ground out 1-3 (Groundball, 13)
Batting: LHB Robert Adams 0-0: SINGLE (Line Drive, 34)
Batting: RHB Baldomero Avino 0-0: Foul Ball, location: 2F
0-1: Foul Ball, location: 2F
0-2: SINGLE (Groundball, 6D)
Robert Adams to second
Batting: LHB Sergio Muńóz 0-0: Called Strike
0-1: Foul Ball, location: 2F
0-2: Ball
1-2: Ball
2-2: Foul Ball, location: 2F
2-2: Fielders Choice at 2nd, 4-6 (Groundball, 34)
Robert Adams to third
Batting: RHB Juan Jose Ayala 0-0: Ball
1-0: Foul Ball, location: 2F
1-1: Ball
2-1: Swinging Strike
2-2: SINGLE (Groundball, 3D)
Robert Adams scores
Sergio Muńóz to second
Runner from 2nd tries for 3rd, SAFE, throw made to third
Juan Jose Ayala to second
Batting: RHB Andy Putman 0-0: Ball
1-0: Ball
2-0: Ball
3-0: Base on Balls
Pitching: RHP José Montalópez
Batting: RHB Armando Alvarado 0-0: Called Strike
0-1: Ball
1-1: Swinging Strike
1-2: Ball
2-2: Strikes out swinging
Bottom of the 8th over - 1 run, 3 hits, 0 errors, 3 left on base; Richardson City 8 - Panama City 2
TOP OF THE 9TH
Richardson City Thundercats batting - Pitching for Panama City Piranhas : RHP Anderson O'Mara
Batting: RHB Tomás Martínez 0-0: Swinging Strike
0-1: Ground out 6-3 (Groundball, 6)
Batting: LHB Carroll Martin 0-0: Ball
1-0: Ball
2-0: Ground out 4-3 (Groundball, 4)
Batting: RHB Anselmo Berneu 0-0: Fly out, F3 (Popup, 3F)
Top of the 9th over - 0 runs, 0 hits, 0 errors, 0 left on base; Richardson City 8 - Panama City 2
BOTTOM OF THE 9TH
Panama City Piranhas batting - Pitching for Richardson City Thundercats : RHP José Montalópez
Batting: RHB Rob Gray 0-0: Ball
1-0: Ball
2-0: Ground out 4-3 (Groundball, 4)
Batting: RHB Fernando Silva 0-0: Ball
1-0: Ground out 5-3 (Groundball, 5S)
Batting: LHB Jack Sutherland 0-0: Called Strike
0-1: Ball
1-1: SINGLE (Groundball, 56D)
Batting: LHB Robert Adams 0-0: Ball
1-0: Fly out, F8 (Line Drive, 8RXD)
Bottom of the 9th over - 0 runs, 1 hit, 0 errors, 1 left on base; Richardson City 8 - Panama City 2
Tuesday, December 19th, 2017 - OOTP Baseball 18.8 Build 76